Map: Jagannatha LE

Players

Heeebster - Winner!

  • Race: Protoss Protoss
  • League: Diamond
  • Spawn Location: 1:00

Hirudin

  • Race: Terran Terran
  • League: Master
  • Spawn Location: 7:00

VOD

Have the link to the VOD?

Description

Time

  • Played on: Nov. 15, 2020, 1:30 p.m.
  • Length: 5:03
Show
View Real Time Build Order
Export as new Build Order

Heeebster Protoss - Winner!

Build Orders: Blink Stalkers 

Get SALT Encoding   

  12  0:00  Probe  
  13  0:13  Probe (Chrono Boost)  
  14  0:17  Pylon  
  14  0:25  Probe (Chrono Boost)  
  15  0:33  Probe  
  16  0:38  Gateway  
  16  0:45  Probe  
  16  0:46  Assimilator  
  17  0:57  Probe  
  17  0:58  Assimilator  
  18  1:09  Probe  
  19  1:21  Probe  
  20  1:27  Cybernetics Core  
  20  1:33  Probe  
  20  1:37  Pylon  
  21  1:45  Probe  
  22  2:00  Stalker (Chrono Boost)  
  22  2:03  Warp Gate  
  22  2:06  Twilight Council  
  24  2:09  Probe  
  25  2:26  Nexus  
  25  2:34  Stalker, Blink (Chrono Boost)  
  27  2:52  Gateway  
  27  3:02  Gateway  
  27  3:11  Gateway  
  27  3:24  Pylon  
  27  3:46  Pylon  
  27  3:57  Probe  
  27  3:59  Probe  
  29  4:04  Stalker x3  
  29  4:09  Probe (Chrono Boost)  
  36  4:10  Stalker  
  38  4:21  Probe (Chrono Boost)  
  39  4:27  Stalker  
  39  4:28  Stalker  
  43  4:35  Stalker  
  45  4:42  Stalker  
Show
View Real Time Build Order
Export as new Build Order

Hirudin Terran 

Build Orders: Reaper Expand 

Get SALT Encoding   

  12  0:00  SCV  
  13  0:12  SCV  
  14  0:17  Supply Depot  
  14  0:24  SCV  
  15  0:39  SCV  
  15  0:40  Barracks  
  16  0:44  Refinery  
  16  0:51  SCV  
  17  1:03  SCV  
  18  1:15  SCV  
  19  1:27  Reaper  
  19  1:28  Orbital Command  
  20  1:42  Command Center  
  21  1:54  SCV  
  21  1:56  Supply Depot  
  21  1:59  Marine  
  22  2:06  SCV  
  23  2:11  Factory  
  23  2:23  SCV  
  24  2:31  Refinery  
  24  2:35  SCV, Barracks Reactor  
  24  2:47  SCV  
  24  2:48  Bunker  
  25  2:54  Orbital Command  
  25  2:56  Widow Mine  
  27  2:59  SCV  
  27  3:04  Starport  
  28  3:11  SCV, Marine  
  28  3:12  Marine  
  31  3:17  Widow Mine  
  33  3:21  SCV  
  33  3:23  SCV  
  35  3:29  Marine x2  
  35  3:33  SCV  
  38  3:35  SCV  
  38  3:38  Supply Depot  
  38  3:39  Widow Mine  
  41  3:42  Medivac  
  41  3:45  SCV  
  41  3:48  Marine x2, Supply Depot  
  46  4:00  SCV x2  
  48  4:07  Barracks  
  48  4:08  Barracks  
  48  4:12  SCV x2  
  48  4:13  Starport Tech Lab  
  48  4:17  Factory Tech Lab  
  50  4:19  Marine x2  
  52  4:26  SCV x2  
  54  4:33  Supply Depot x2, Refinery  
  54  4:38  SCV x2  
  57  4:41  Engineering Bay  
Tags
 
Composition
Blink Stalkers
Matchup
PvT
Replay Pack
Replays
Spawn Locations
Cross Positions
Add a new tag
Caveats
  • Supply blocks, unpowered buildings, or Contaminate may cause inaccurate times.
  • Supply counts are checked every 10 seconds.